 Dungeon Crawl Stone Soup version 0.21-a0-641-geef9d7f (webtiles) character file.

8025 Lanoc the Martial Artist (level 11, -2/72 HPs)
             Began as an Octopode Transmuter on Dec 31, 2017.
             Was an Elder of Qazlal.
             Slain by bappy's ghost (7 damage)
             ... on level 11 of the Dungeon.
             The game lasted 00:35:29 (11998 turns).

Lanoc the Martial Artist (Octopode Transmuter)     Turns: 11998, Time: 00:35:31

Health: -2/72      AC:  1    Str: 16    XL:     11   Next: 24%
Magic:  16/19      EV: 15    Int: 18    God:    Qazlal [****..]
Gold:   480        SH:  8    Dex: 13    Spells: 11/21 levels left

rFire    . . .     SeeInvis .     - Unarmed
rCold    . . .     Gourm    .   (no shield)
rNeg     . . .     Faith    .   (helmet restricted)
rPois    +         Spirit   .   z - +3 amulet of reflection
rElec    .         Reflect  +   e - +3 ring of strength
rCorr    .         Harm     .   k - ring of wizardry
MR       .....                  n - +3 ring of strength
Stlth    +.........             F - ring of poison resistance
HPRegen  0.22/turn              (no ring)
MPRegen  0.16/turn              (no ring)
                                (no ring)
                                (no ring)

@: heavily drained, repel missiles
A: almost no armour, stealthy swim, amphibious, 8 rings, constrict 8, camouflage
1, gelatinous body 1
a: Upheaval, Elemental Force, Renounce Religion


You were on level 11 of the Dungeon.
You worshipped Qazlal.
Qazlal was greatly pleased with you.
You were very hungry.

You visited 2 branches of the dungeon, and saw 12 of its levels.

You collected 480 gold pieces.

Inventory:

Hand Weapons
 y - a +4 quarterstaff of chaos
 I - a +1 demon blade of pain
Missiles
 a - 287 arrows
 f - 4 javelins of returning (quivered)
Armour
 x - a +1 shield
Magical Staves
 u - an uncursed staff of conjuration
 A - an uncursed staff of fire
Jewellery
 e - a +3 ring of strength (left tentacle)
 k - a ring of wizardry (right tentacle)
 n - a +3 ring of strength (on tentacle)
 z - a +3 amulet of reflection (around mantle)
 F - a ring of poison resistance (on tentacle)
Wands
 h - a wand of enslavement (12)
 p - a wand of digging (12)
 v - a wand of polymorph (18)
 M - a wand of disintegration (9)
 N - a wand of acid (4)
Scrolls
 d - a scroll of noise {unknown}
 g - 2 scrolls of enchant weapon
 i - 4 scrolls of enchant armour
 l - a scroll of immolation
 m - 2 scrolls of identify
 r - 4 scrolls of teleportation
 s - 4 scrolls of amnesia
 t - 6 scrolls of remove curse
 w - 2 scrolls of fog
 G - a scroll of vulnerability {unknown}
 L - a scroll of holy word {unknown}
Potions
 j - a potion of agility
 o - a potion of cancellation
 q - a potion of flight
 B - 2 potions of might
 C - a potion of brilliance
 E - a potion of ambrosia
 J - a potion of resistance
 K - a potion of haste
Books
 b - a book of Changes

   Spells                             Type                      Level
   a - Beastly Appendage              Transmutation                1
   b - Sticks to Snakes               Transmutation                2
   c - Spider Form                    Transmutation/Poison         3
   d - Ice Form                       Ice/Transmutation            4
   e - Blade Hands                    Transmutation                5
 D - a book of Minor Magic

   Spells                             Type                      Level
   a - Magic Dart                     Conjuration                  1
   b - Blink                          Translocation                2
   c - Call Imp                       Summoning                    2
   d - Slow                           Hexes                        2
   e - Conjure Flame                  Conjuration/Fire             3
   f - Mephitic Cloud                 Conjuration/Poison/Air       3
Comestibles
 c - 21 rations


   Skills:
 + Level 6.0(3.6) Fighting
 + Level 6.3(3.9) Dodging
 * Level 9.2(6.6) Unarmed Combat
 + Level 5.8(3.4) Spellcasting
 * Level 9.0(6.4) Transmutations
 + Level 6.0(3.6) Invocations


You had 11 spell levels left.
You knew the following spells:

 Your Spells              Type           Power        Failure   Level  Hunger
b - Sticks to Snakes      Tmut           ####....     1%          2    ##.....
c - Spider Form           Tmut/Pois      ##........   4%          3    ###....
d - Blade Hands           Tmut           ####......   12%         5    ######.


Dungeon Overview and Level Annotations

Branches:
Dungeon (11/15)            Temple (1/1) D:7            Lair (0/6) D:10
    Orc (0/2) D:9

Altars:
Cheibriados
Dithmenos
Elyvilon
Fedhas
Gozag
Hepliaklqana
Kikubaaqudgha
Makhleb
Nemelex Xobeh
Okawaru
Qazlal
Ru
Sif Muna
Trog
Uskayaw
Vehumet
Wu Jian
Xom
Yredelemnul
Zin
The Shining One

Shops:
D:8 [

Annotations:
D:3 Daviar's ghost, amateur GnNe
D:9 2 transporters
D:11 bappy's ghost, novice MfCK


Innate Abilities, Weirdness & Mutations

You cannot wear most types of armour.
You are very stealthy in the water. (Stealth+)
You are amphibious.
You can wear up to eight rings at the same time.
You can use your tentacles to constrict eight enemies at once.
Your skin changes colour to match your surroundings (Stealth+).
Your rubbery body absorbs attacks. (AC +1, EV +1)


Message History

Bappy's ghost hits you. Bappy's ghost burns you.
You slash bappy's ghost! Your squeeze misses bappy's ghost.
Bappy's ghost is severely damaged.
Your tentacles revert to their normal proportions.
Bappy's ghost hits you. Bappy's ghost burns you.
You tentacle-slap bappy's ghost but do no damage.
You squeeze bappy's ghost.
Bappy's ghost is severely damaged.
Bappy's ghost hits you. Bappy's ghost burns you.
You tentacle-slap bappy's ghost. Your squeeze misses bappy's ghost.
Bappy's ghost is severely damaged.
Bappy's ghost hits you! Bappy's ghost burns you.
* * * LOW HITPOINT WARNING * * *
You tentacle-slap bappy's ghost but do no damage.
Bappy's ghost is severely damaged.
Bappy's ghost is engulfed in blazing flames.
Bappy's ghost hits you!
* * * LOW HITPOINT WARNING * * *
Bappy's ghost burns you!
You die...

.. # '# .##
##.##..## #
#.......# #..
##.......# ....
#........#
...[.####[§..8...#
.......§..§......#
........§@.......#
........[.W......#
.##....§.§.§.###.+
#.........## #
###.......#
#.......#
#........
#.......##
#.>.....#


You could see bappy's ghost.

Vanquished Creatures
  The ghost of braks the Basher, a novice GrMo (D:6)
  Joseph (D:7)
  A polar bear (D:11)
  Grinder (D:4)
  A hippogriff (D:9)
  Sigmund (D:4)
  6 yaks
  4 hogs (D:7)
  A human (D:7)
  2 hungry ghosts
  A water moccasin (D:9)
  Edmund (D:4)
  A porcupine (D:10)
  2 ice beasts
  A sky beast (D:5)
  3 black bears
  6 orc warriors
  A phantom (D:10)
  4 ogres
  4 centaurs
  A crocodile (D:10)
  A water moccasin zombie (D:6)
  7 scorpions
  18 wights
  2 howler monkeys (D:7)
  A crimson imp (D:6)
  2 bullfrog zombies
  2 jellies
  2 orc priests (D:4)
  Crazy Yiuf (D:4)
  4 hounds
  A quasit (D:6)
  5 orc wizards
  Jessica (D:2)
  2 iguanas
  11 worker ants
  A hound zombie (D:11)
  2 hound skeletons
  A worker ant zombie (D:8)
  5 gnolls (D:7)
  10 adders
  A shadow imp (D:10)
  2 oozes
  4 adder skeletons
  3 leopard geckos
  48 orcs
  4 giant cockroaches
  7 goblins
  8 hobgoblins
  10 jackals
  5 quokkas
  A ball python (D:1)
  11 bats
  4 frilled lizards
  6 kobolds
  7 rats
244 creatures vanquished.

Notes
Turn   | Place    | Note
-------+----------+-------------------------------------------
     0 | D:1      | Lanoc the Octopode Transmuter began the quest for the Orb.
     0 | D:1      | Reached XP level 1. HP: 13/13 MP: 3/3
   116 | D:1      | Reached XP level 2. HP: 3/18 MP: 3/5
   120 | D:1      | Learned a level 2 spell: Sticks to Snakes
   819 | D:1      | Reached XP level 3. HP: 23/23 MP: 4/6
   824 | D:1      | Learned a level 3 spell: Spider Form
  1472 | D:2      | Noticed a scorpion
  1485 | D:2      | Killed a scorpion
  1485 | D:2      | Reached XP level 4. HP: 19/29 MP: 4/7
  1934 | D:2      | Reached XP level 5. HP: 33/34 MP: 6/8
  1982 | D:2      | Noticed Jessica
  1985 | D:2      | Killed Jessica
  1992 | D:2      | Found a shadowy altar of Dithmenos.
  1993 | D:2      | Found a stormy altar of Qazlal.
  1998 | D:2      | Found a glowing golden altar of the Shining One.
  2011 | D:2      | Became a worshipper of Qazlal Stormbringer
  2288 | D:3      | Noticed Daviar's ghost (amateur GnNe)
  2437 | D:3      | Found a shimmering altar of Xom.
  2439 | D:3      | Found a blossoming altar of Fedhas.
  2439 | D:3      | Found a snail-covered altar of Cheibriados.
  2441 | D:3      | Found a shimmering altar of Xom.
  2441 | D:3      | Found an ancient bone altar of Kikubaaqudgha.
  2441 | D:3      | Found a bloodstained altar of Trog.
  2686 | D:3      | Reached XP level 6. HP: 39/39 MP: 7/10
  3148 | D:4      | Noticed Edmund
  3174 | D:4      | Killed Edmund
  3174 | D:4      | Reached skill level 1 in Invocations
  3321 | D:4      | Noticed Grinder
  3332 | D:4      | Killed Grinder
  3332 | D:4      | Reached * piety under Qazlal
  3332 | D:4      | Reached XP level 7. HP: 23/45 MP: 8/11
  3541 | D:4      | Noticed Sigmund
  3600 | D:4      | Learned a level 5 spell: Blade Hands
  3735 | D:4      | Reached skill level 5 in Unarmed Combat
  4456 | D:4      | Killed Sigmund
  4456 | D:4      | Reached XP level 8. HP: 41/52 MP: 6/13
  4491 | D:4      | Reached skill level 5 in Transmutations
  4552 | D:4      | Found a runed door.
  4615 | D:4      | Noticed Crazy Yiuf
  4618 | D:4      | Killed Crazy Yiuf
  4697 | D:5      | Entered Level 5 of the Dungeon
  4923 | D:5      | Found an iron altar of Okawaru.
  6025 | D:6      | Found a glowing silver altar of Zin.
  6054 | D:6      | Reached XP level 9. HP: 43/58 MP: 6/15
  6073 | D:6      | Noticed braks's ghost (novice GrMo)
  6226 | D:6      | Killed braks's ghost
  6232 | D:6      | Reached ** piety under Qazlal
  6352 | D:6      | Found an opulent altar of Gozag.
  6525 | D:7      | Found a staircase to the Ecumenical Temple.
  6535 | Temple   | Entered the Ecumenical Temple
  6632 | D:7      | Noticed Joseph
  6799 | D:7      | Reached skill level 5 in Dodging
  7039 | D:7      | Reached XP level 10. HP: 41/65 MP: 9/17
  7042 | D:7      | Reached skill level 5 in Spellcasting
  7421 | D:7      | Reached skill level 5 in Fighting
  7632 | D:7      | Found a sacrificial altar of Ru.
  7661 | D:7      | Killed Joseph
  7661 | D:7      | Reached skill level 5 in Invocations
  8362 | D:8      | Found Oqikupe's Armour Shop.
  9103 | D:9      | Found a transporter.
  9108 | D:9      | Found a transporter.
  9113 | D:9      | Noticed a yaktaur captain
  9121 | D:9      | Found a burning altar of Makhleb.
  9196 | D:9      | Found a staircase to the Orcish Mines.
  9205 | D:9      | Reached *** piety under Qazlal
  9208 | D:9      | HP: 3/66 [orc warrior/war axe (13)]
  9663 | D:9      | Noticed a shock serpent
  9992 | D:10     | Entered Level 10 of the Dungeon
 10260 | D:10     | Found a staircase to the Lair.
 10294 | D:10     | Reached XP level 11. HP: 68/72 MP: 13/19
 10563 | D:10     | Reached **** piety under Qazlal
 11684 | D:11     | Noticed bappy's ghost (novice MfCK)
 11998 | D:11     | Slain by bappy's ghost

Vault maps used:
D:1:      arrival_zaba_pyramid, minmay_crystal_water, minivault_23, minivault_4
D:2:      grunt_temple_overflow_open, uniq_jessica
D:3:      doesnt_xom_only_xom
D:4:      cheibrodos_pilgrimage, uniq_sigmund, uniq_grinder, uniq_edmund,
          uniq_crazy_yiuf_cottage
D:5:      nicolae_overflow_hidden_temple, first_ration,
          kennysheep_okawaru_gauntlet
D:6:      grunt_gozag_statues, zin_statuary, kennysheep_generic_room_12
D:7:      kennysheep_little_box, minmay_temple_entry_grid, grunt_livestock,
          uniq_joseph
D:8:      serial_shops, shop_fountains
D:9:      gammafunk_temple_overflow_arena, david_orc_2,
          nicolae_straight_to_the_point
D:10:     grunt_lair_entry_orc_guard_hut
D:11:     enter_trove_6, serial_ice, serial_ice_d, serial_ice_e, serial_ice_j,
          serial_ice_n, serial_ice_g, serial_ice_h, serial_ice_f,
          portal_ice_cave_demonic_guard, serial_shops, nicolae_shop_behind_doors
Temple:   cyrus_circular_temple

Skill      XL: |  1  2  3  4  5  6  7  8  9 10 11 |
---------------+----------------------------------+-----
Transmutations | 3 4 5 7 8 9 |  9.0
Fighting       | 2 3 4 5 6 |  6.0
Unarmed Combat | 4 5 6 7 8 9 |  9.2
Dodging        | 3 4 5 6 |  6.3
Invocations    | 1 2 3 4 5 6 |  6.0
Spellcasting   | 3 4 5 |  5.8

Action                   |  1- 3 |  4- 6 |  7- 9 | 10-12 || total
-------------------------+-------+-------+-------+-------++-------
Melee: Unarmed           |    71 |    91 |   169 |   184 ||   515
       Constrict         |    17 |     9 |    27 |    39 ||    92
       Kick              |     9 |     5 |     8 |       ||    22
       Tentacles         |     5 |     8 |    22 |    35 ||    70
       Punch             |     2 |       |     7 |    14 ||    23
       Staff             |       |       |    13 |    32 ||    45
 Cast: Beastly Appendage |    16 |    11 |     5 |       ||    32
       Spider Form       |     3 |    11 |     9 |     1 ||    24
       Blade Hands       |       |       |    22 |    25 ||    47
  Use: Scroll            |       |     2 |    16 |     7 ||    25
       Potion            |       |     2 |     3 |     1 ||     6
 Stab: Sleeping          |     5 |     4 |       |       ||     9
  Eat: Chunk             |     2 |     6 |    16 |    19 ||    43
       Ration            |       |       |     2 |     1 ||     3
Armor: Skin              |    11 |     4 |     9 |     3 ||    27
Dodge: Dodged            |    49 |    64 |   109 |    94 ||   316
Block: Other             |       |       |    30 |    51 ||    81
       Reflection        |       |       |     2 |     4 ||     6

Table legend:
 A = Spawn XP
 B = Non-spawn XP
 C = Spawn XP percentage of total XP
 D = Spawn monster count
 E = Non-spawn monster count
 F = Spawn count percentage of total count
 G = Total turns spent on level
                    A         B        C        D         E        F      G
               +---------+---------+-------+---------+---------+-------+---------
         Total |       0 |   11465 |   0.0 |       0 |     244 |   0.0 | 11998
               +---------+---------+-------+---------+---------+-------+---------
           D:1 |       0 |      42 |   0.0 |       0 |      25 |   0.0 |  1213
           D:2 |       0 |     168 |   0.0 |       0 |      19 |   0.0 |  1119
           D:3 |       0 |     133 |   0.0 |       0 |      24 |   0.0 |   816
           D:4 |       0 |    1112 |   0.0 |       0 |      34 |   0.0 |  1549
           D:5 |       0 |     502 |   0.0 |       0 |       9 |   0.0 |  1185
           D:6 |       0 |    1443 |   0.0 |       0 |      18 |   0.0 |   643
           D:7 |       0 |    2457 |   0.0 |       0 |      40 |   0.0 |  1496
           D:8 |       0 |     420 |   0.0 |       0 |       8 |   0.0 |   802
           D:9 |       0 |    1769 |   0.0 |       0 |      27 |   0.0 |  1109
          D:10 |       0 |    2481 |   0.0 |       0 |      28 |   0.0 |  1938
          D:11 |       0 |     938 |   0.0 |       0 |      12 |   0.0 |    68
               +---------+---------+-------+---------+---------+-------+---------
